cohdb
Replays
Latest Replays
All Replays
Popular Replays
Top Player Replays
Match Explorer
How It Works
Community
CoH3 Stats
Reddit
Sign in to upload your games and track your stats! →
Sign in with Steam
Match 42853497
Unlisted
Match 42853497
Overview
Messages
Build Orders
End
Kradschützen Motorcycle Team
Panzergrenadier Squad
250 Light Carrier
Panzergrenadier Squad
250 Light Carrier
Construct Light Support Kompanie
Selects Battlefield Espionage Battlegroup
Selects Intel Disruption Beacon
Fire Support Elements
Combat Half-tracks
Flakvierling Half-track
Panzerjäger Squad
Selects 250/3 Funkpanzerwagen
Selects Anti-Tank Incendiary Munitions
Panzerpioneer Squad
Pak 38 Mechanized Group
Construct Panzerarmee Kommand
Panzer III L Medium Tank
Selects Plunder
Vehicle Survival Package
Tungsten Core Ammunition
Flak 36 Anti-tank Gun Team
Selects Firestorm
Firestorm
Kradschützen Motorcycle Team
Etgo
Hk
Jarkke
Setti-Veke
Cjoffrey
Mowgli01
Lamastikoin
Marwar
0
0
Comments
sign in to comment!
No comments posted yet!